 Dungeon Crawl Stone Soup version 0.31-a0-1009-g454b1f1e0a (webtiles) character file.

Game seed: 10445832650801465789

2172 Dirtsage the Cleaver (level 9, 42/64 HPs)
             Began as a Demonspawn Berserker on Nov 13, 2023.
             Was a Priest of Trog.
             Quit the game on level 6 of the Dungeon.
             The game lasted 00:06:57 (4443 turns).

Dirtsage the Cleaver (Demonspawn Berserker)         Turns: 4443, Time: 00:06:58

Health: 42/64      AC: 11    Str: 21    XL:     9   Next: 11%
Magic:  9/9        EV:  7    Int: 14    God:    Trog [***...]
Gold:   334        SH:  4    Dex: 18    Spells: 8/8 levels left

rFire   . . .        A - +0 war axe
rCold   . . .        (no shield)
rNeg    + . .        q - +0 plate armour {rN+}
rPois   .            (helmet restricted)
rElec   .            (no cloak)
rCorr   .            (no gloves)
SInv    .            (no boots)
Will    .....        (no amulet) Stlth
                     o - +6 ring of dexterity
HPRegen 0.30/turn    (no ring)
MPRegen 0.11/turn

%: no passive effects
@: no status effects
A: horns 2, big brain 2, condensation shield
a: Renounce Religion, Berserk, Trog's Hand


You were on level 6 of the Dungeon.
You worshipped Trog.
Trog was most pleased with you.
You visited 2 branches of the dungeon, and saw 7 of its levels.

You collected 334 gold pieces.

Inventory:

Hand Weapons
 a - a +0 hand axe
 m - a +0 broad axe
 A - a +0 war axe (weapon)
Armour
 b - a +0 animal skin
 f - a +0 chain mail
 q - a +0 plate armour of positive energy (worn)
Jewellery
 o - a +6 ring of dexterity (left hand)
 w - a ring of ice
 z - an amulet of magic regeneration
Wands
 e - a wand of flame (30)
 r - a wand of paralysis (10)
Scrolls
 g - a scroll of teleportation {unknown}
 i - a scroll of silence {unknown}
 j - 4 scrolls of identify {unknown}
 l - 4 scrolls of revelation {unknown}
 v - a scroll of fog {unknown}
 y - a scroll of brand weapon {unknown}
 B - a scroll of noise {unknown}
Potions
 c - a potion of resistance {unknown}
 d - a potion of haste {unknown}
 h - a potion of degeneration {unknown}
 k - a potion of attraction {unknown}
 n - a potion of cancellation {unknown}
 p - 2 potions of curing {unknown}
 s - a potion of heal wounds {unknown}
 t - 2 potions of invisibility {unknown}
 u - a potion of mutation {unknown}
 x - a potion of brilliance {unknown}


   Skills:
 + Level 3.4 Fighting
 * Level 11.0 Axes
 + Level 2.3 Armour
 + Level 2.2 Dodging
 + Level 1.2 Shields


You had 8 spell levels left.
You didn't know any spells.
Your spell library was empty.

Dungeon Overview and Level Annotations

Branches:
Dungeon (6/15)             Temple (1/1) D:5

Altars:
Dithmenos
Gozag
Hepliaklqana
Nemelex Xobeh
Okawaru
Qazlal
Ru
Sif Muna
Uskayaw
Vehumet

Shops:
D:2 *   D:4 *   D:5 [


Innate Abilities, Weirdness & Mutations

You have a pair of horns on your head.
You have an extremely huge brain. (Int +4)
A meltable shield of frost defends you. (SH +4)


Message History

* * * LOW HITPOINT WARNING * * *
You now have 15/94 hp.
You slice the wight!!
You destroy the wight!
Trog accepts your kill.
You closely miss the water moccasin. You block the water moccasin's attack.
Your life force feels restored.
Your Shields skill increases to level 1!
You feel sick. The water moccasin closely misses you.
Things that are here:
a +0 spear; a +0 robe You slash the water moccasin!
You kill the water moccasin!
Trog accepts your kill.
Your Axes skill increases to level 11!
You feel sick.
You see here a water moccasin corpse.
You take 1 damage, and have 14/96 hp.
You feel a strong urge to attack something.
You feel sick.
You are no longer poisoned.
You take 1 damage, and have 13/96 hp.
You start resting.
You feel your anger nearly subside.
You are no longer berserk.
You are exhausted.
You feel yourself slow down.
You now have 9/64 hp.
You start resting.
You feel yourself speed up.
You regained 13 hp, and now have 22/64 hp.
You start resting.
You recover from your berserk rage.
You regained 4 hp, and now have 26/64 hp.
You start resting.
A hound comes into view.
You regained 16 hp, and now have 42/64 hp.
A hound is nearby!
A hound is nearby!
Unknown command.
Are you sure you want to abandon this character and quit the game? (Confirm with "yes".)

...........
......h....
........
......
#...##
#....##
#)....# ..
#.†.#.#
....###..@#
..........+
....###...#
.. #...#
#...#
#...###.####
####<.......
#####.###


You could see a hound (wandering).

Vanquished Creatures
  Sigmund (D:2)
  5 yaks (D:5)
  2 water moccasins (D:6)
  An ice beast (D:5)
  A black bear (D:5)
  2 ogres (D:5)
  Blork the orc (D:5)
  2 scorpions (D:5)
  A wight (D:6)
  A howler monkey (D:4)
  3 hounds (D:5)
  An orc priest (D:4)
  2 jellies (D:5)
  4 iguanas (D:5)
  Ijyb (D:3)
  Robin (D:3)
  5 adders
  5 worms
  3 dart slugs
  3 orcs
  4 endoplasms (D:1)
  6 giant cockroaches
  19 goblins
  16 hobgoblins
  5 jackals
  2 quokkas
  9 ball pythons
  3 bats
  A frilled lizard (D:1)
  7 kobolds
  3 rats
120 creatures vanquished.

Vanquished Creatures (others)
  A draconian (D:1)
  A gargoyle (D:1)
  3 vine stalkers (D:1)
  A merfolk (D:1)
  A formicid (D:1)
  A vampire (D:1)
  A naga (D:1)
  A tengu (D:1)
  2 orcs (D:1)
  8 tentacles (D:1)
20 creatures vanquished.

Grand Total: 140 creatures vanquished

Notes
Turn   | Place    | Note
-------+----------+-------------------------------------------
     0 | D:1      | Dirtsage the Demonspawn Berserker began the quest for the
                  | Orb.
     0 | D:1      | Reached XP level 1. HP: 18/18 MP: 1/1
     0 | D:1      | Noticed a vine stalker
     0 | D:1      | Noticed a naga
     0 | D:1      | Noticed a vine stalker
     0 | D:1      | Noticed a kraken
     0 | D:1      | Noticed a merfolk
     0 | D:1      | Noticed a formicid
     0 | D:1      | Noticed a draconian
     0 | D:1      | Noticed a gargoyle
     0 | D:1      | Noticed a tengu
     0 | D:1      | Noticed a vine stalker
     0 | D:1      | Noticed a vampire
     2 | D:1      | Killed a vine stalker
     3 | D:1      | Killed a gargoyle
     5 | D:1      | Killed a tengu
     5 | D:1      | Killed a vine stalker
     6 | D:1      | Killed a merfolk
     8 | D:1      | Killed a draconian
    13 | D:1      | Killed a vine stalker
    14 | D:1      | Killed a vampire
    14 | D:1      | Killed a naga
    16 | D:1      | Killed a formicid
    96 | D:1      | Reached skill level 3 in Axes
   254 | D:1      | Gained mutation: You have a pair of small horns on your
                  | head. [demonic ancestry]
   254 | D:1      | Reached XP level 2. HP: 23/24 MP: 2/2
   554 | D:2      | Noticed Sigmund
   557 | D:2      | Gained mutation: You have an unusually large brain. (Int
                  | +2) [demonic ancestry]
   557 | D:2      | Reached XP level 3. HP: 28/29 MP: 3/3
   567 | D:2      | Killed Sigmund
   568 | D:2      | Reached skill level 5 in Axes
   568 | D:2      | Gained mutation: You have an extremely huge brain. (Int +4)
                  | [demonic ancestry]
   568 | D:2      | Reached XP level 4. HP: 35/35 MP: 4/4
   568 | D:2      | Reached XP level 5. HP: 41/41 MP: 5/5
   635 | D:2      | Found Gypluyng's General Store.
   714 | D:2      | Reached ** piety under Trog
  1478 | D:3      | Reached skill level 6 in Axes
  1559 | D:3      | Noticed Robin
  1569 | D:3      | Killed Robin
  1733 | D:3      | Reached XP level 6. HP: 45/47 MP: 6/6
  1752 | D:3      | Noticed Ijyb
  1758 | D:3      | Paralysed by Ijyb for 3 turns
  1764 | D:3      | Killed Ijyb
  1849 | D:3      | Reached *** piety under Trog
  2698 | D:4      | Found Butocic's Fire Supplies.
  2756 | D:5      | Entered Level 5 of the Dungeon
  2778 | D:5      | Found a staircase to the Ecumenical Temple.
  2785 | Temple   | Entered the Ecumenical Temple
  2793 | D:5      | Reached skill level 7 in Axes
  2845 | D:5      | Reached XP level 7. HP: 52/52 MP: 7/7
  2987 | D:5      | Found Fuun's Armour Emporium.
  2999 | D:5      | Found a sparkling altar of Nemelex Xobeh.
  3044 | D:5      | Noticed a yak
  3044 | D:5      | Noticed a yak
  3044 | D:5      | Noticed a yak
  3045 | D:5      | Noticed a yak
  3047 | D:5      | Noticed a yak
  3050 | D:5      | Killed a yak
  3051 | D:5      | Reached skill level 8 in Axes
  3055 | D:5      | Killed a yak
  3057 | D:5      | Killed a yak
  3057 | D:5      | Killed a yak
  3058 | D:5      | Reached skill level 9 in Axes
  3058 | D:5      | Gained mutation: You have a pair of horns on your head.
                  | [demonic ancestry]
  3058 | D:5      | Reached XP level 8. HP: 58/58 MP: 8/8
  3178 | D:5      | Reached skill level 10 in Axes
  3322 | D:5      | Noticed Blork the orc
  3334 | D:5      | Killed Blork the orc
  3939 | D:5      | Found a shimmering blue altar of Sif Muna.
  4330 | D:6      | Gained mutation: A meltable shield of frost defends you.
                  | (SH +4) [demonic ancestry]
  4330 | D:6      | Reached XP level 9. HP: 42/64 MP: 9/9
  4340 | D:6      | Reached skill level 1 in Shields
  4342 | D:6      | Reached skill level 11 in Axes
  4443 | D:6      | Quit the game

Illustrated notes

Levels and vault maps discovered:
D:1:      nicolae_arrival_kraken_aquarium_a, layout_rooms, solitary_fountain,
          serial_bayou_lagoon_a
D:2:      layout_rooms, serial_shops, shop, uniq_sigmund
D:3:      kennysheep_goblin_castle, layout_loops_ring, minmay_misc_feat_doors,
          uniq_ijyb
D:4:      layout_basic, nicolae_shop_fire_sale [nicolae_sub_dead_trees]
D:5:      layout_loops_ring, mainiacjoe_overflow_tiny_flanked, led_sif_pool,
          minmay_temple_entry_statues_pillars, serial_shops,
          nicolae_shop_crystal, chequers_serial_rivers_micro_a, st_stairs_1,
          moated_statue, nrook_mini_vaults, minmay_between, uniq_blork_the_orc
D:6:      layout_basic, yredelemnul_forgotten_temple_becter,
          mainiacjoe_overflow_six_doors_small, slow_altar_2, serial_shops,
          nicolae_inconvenience_store, minivault_26, dreamdust_princess_corridor
Temple:   nicolae_temple_ecumenical_triangle

Skill      XL: |  1  2  3  4  5  6  7  8  9 |
---------------+----------------------------+-----
Axes           | 3 5 6 7 9 10 11 | 11.0
Armour         | 2 |  2.3
Dodging        | 2 |  2.2
Shields        | 1 |  1.2
Fighting       | |  3.4

Action                     |  1- 3 |  4- 6 |  7- 9 || total
---------------------------+-------+-------+-------++-------
  Melee: Hand axe          |    55 |   152 |     3 ||   210
         Headbutt          |     9 |    23 |    17 ||    49
         Punch             |       |     2 |     1 ||     3
         Broad axe         |       |       |    48 ||    48
         War axe           |       |       |    49 ||    49
 Invoke: Berserk           |     1 |     3 |     4 ||     8
 Armour: Animal skin       |    25 |     1 |       ||    26
         Chain mail        |       |    57 |       ||    57
         Plate armour      |       |    60 |   108 ||   168
  Dodge: Dodged            |    34 |    52 |    34 ||   120
  Block: Other             |       |       |     3 ||     3

Table legend: (Time is in decaauts)
 A = Elapsed time spent in this place.
 B = Non-inter-level travel time spent in this place.
 C = Inter-level travel time spent in this place.
 D = Time resting spent in this place.
 E = Time spent auto-exploring this place.
 F = Levels seen in this place.
 G = Mean time per level.
                   A        B        C        D        E       F      G
               +--------+--------+--------+--------+--------+-----+--------+
         Total |   4551 |   4331 |    220 |    469 |   3216 |   7 |  650.1 |
       Dungeon |   4549 |   4329 |    220 |    469 |   3216 |   6 |  758.2 |
        Temple |      1 |      1 |      0 |      0 |      0 |   1 |    1.0 |
               +--------+--------+--------+--------+--------+-----+--------+

Top non-repeatable levels by time:
     D:5: 1614 daAuts
     D:3: 874 daAuts
     D:4: 679 daAuts
     D:2: 670 daAuts
     D:1: 572 daAuts
     D:6: 137 daAuts
  Temple: 1 daAuts
